 Dungeon Crawl Stone Soup version 0.29-a0-504-gec6baf379c (webtiles) character file.

Game seed: 11038894749790270727

2 Bruhh the Gusty (level 1, 0/16 HPs)
             Began as an Ogre Air Elementalist on May 28, 2022.
             Slain by a kobold
             ... wielding a +0 short sword
              (2 damage)
             ... on level 1 of the Dungeon.
             The game lasted 00:00:25 (162 turns).

Bruhh the Gusty (Ogre Air Elementalist)              Turns: 162, Time: 00:00:25

Health: 0/16       AC:  3    Str: 11    XL:     1   Next: 30%
Magic:  1/4        EV:  9    Int: 16    God:
Gold:   9          SH:  0    Dex:  9    Spells: 4/5 levels left

rFire   . . .      SeeInvis .   (no weapon)
rCold   . . .      Faith    .   (no shield)
rNeg    . . .      Spirit   .   a - +0 robe
rPois   .          Reflect  .   (helmet restricted)
rElec   .          Harm     .   (no cloak)
rCorr   .          Rampage  .   (gloves unavailable)
Will    .....                   (boots unavailable)
Stlth   +.........              (no amulet)
HPRegen 0.05/turn               (no ring)
MPRegen 0.09/turn               (no ring)

@: no status effects
A: large, unfitting armour, tough skin 1
a: no special abilities


You were on level 1 of the Dungeon.
You visited 1 branch of the dungeon, and saw 1 of its levels.

You collected 9 gold pieces.

Inventory:

Armour
 a - a +0 robe (worn)
Scrolls
 c - 2 scrolls of identify {unknown}
Potions
 b - a potion of magic


   Skills:
 - Level 1.7 Dodging
 - Level 1.4 Stealth
 + Level 2.6 Spellcasting
 - Level 0.8 Conjurations
 - Level 2.6 Air Magic


You had 4 spell levels left.
You knew the following spells:

 Your Spells              Type           Power      Damage    Failure   Level
a - Shock                 Conj/Air       28%        1d4       10%         1

Your spell library contained the following spells:

 Spells                   Type           Power      Damage    Failure   Level
 Static Discharge         Conj/Air       7%         N/A       14%         2
 Swiftness                Air            10%        N/A       19%         3
 Airstrike                Air            5%         N/A       54%         4


Dungeon Overview and Level Annotations

Branches:
Dungeon (1/15)

Altars:


Innate Abilities, Weirdness & Mutations

You are too large for most types of armour.
You have tough skin. (AC +1)


Message History

You are frozen.
You hit the endoplasm.
The endoplasm is heavily wounded.
The endoplasm freezes you.
You are frozen.
You are too injured to fight recklessly!
You are too injured to fight recklessly!
Casting: Shock (safe; 10% risk of failure)
Confirm with . or Enter, or press ? or * to list all spells.
Aiming: Shock (safe; 10% risk of failure)
Press: ? - help, Shift-Dir - straight line, f/p - endoplasm
Aim: an endoplasm (heavily wounded, 97% to hit)
The zap hits the endoplasm.
The endoplasm is almost dead.
The endoplasm closely misses you.
Unknown command.
Casting: Shock (safe; 10% risk of failure)
Confirm with . or Enter, or press ? or * to list all spells.
Aiming: Shock (safe; 10% risk of failure)
Press: ? - help, Shift-Dir - straight line, f/p - endoplasm
Aim: an endoplasm (almost dead, 97% to hit)
The zap hits the endoplasm.
You kill the endoplasm!
The zap hits the kobold but does no damage.
Unknown command.
Casting: Shock (safe; 10% risk of failure)
Confirm with . or Enter, or press ? or * to list all spells.
Aiming: Shock (safe; 10% risk of failure)
Press: ? - help, Shift-Dir - straight line, f - kobold
Aim: a kobold, wielding a +0 short sword (60% to hit)
The zap misses the kobold.
The kobold misses you.
Your magical contamination has completely faded away.
The kobold attacks as you move away!
The kobold hits you with a +0 short sword.
The kobold attacks as you move away!
The kobold hits you with a +0 short sword.
* * * LOW HITPOINT WARNING * * *
The kobold attacks as you move away!
The kobold hits you with a +0 short sword.
You die...

#......... #...
#......... #...
#.##...... #...
#.# !.... #... #.#
.... #... #.# ###
##.. #.# #.. #K#
###### #.. #@#
#....# #..
#.###....#######..
#..............+..
#####....###.###..
###### #..##..
##.#.#. #..#.#
###.#. #.#.#


You could see a kobold.

Vanquished Creatures
  An endoplasm (D:1)
  A frilled lizard (D:1)
2 creatures vanquished.

Notes
Turn   | Place    | Note
-------+----------+-------------------------------------------
     0 | D:1      | Bruhh the Ogre Air Elementalist began the quest for the
                  | Orb.
     0 | D:1      | Reached XP level 1. HP: 16/16 MP: 3/3
   162 | D:1      | Slain by a kobold

Illustrated notes

Levels and vault maps discovered:
D:1:      enne_arrival_octagon_isle, layout_basic, minivault_23

Action                   || total
-------------------------++-------
Melee: Unarmed           ||     1
 Cast: Shock             ||     4
Dodge: Dodged            ||     3

Table legend: (Time is in decaauts)
 A = Elapsed time spent in this place.
 B = Non-inter-level travel time spent in this place.
 C = Inter-level travel time spent in this place.
 D = Time resting spent in this place.
 E = Time spent auto-exploring this place.
 F = Levels seen in this place.
 G = Mean time per level.
                   A        B        C        D        E       F      G
               +--------+--------+--------+--------+--------+-----+--------+
         Total |    162 |    162 |      0 |      0 |    140 |   1 |  162.0 |
       Dungeon |    162 |    162 |      0 |      0 |    140 |   1 |  162.0 |
               +--------+--------+--------+--------+--------+-----+--------+

Top non-repeatable levels by time:
     D:1: 162 daAuts
